 Dungeon Crawl Stone Soup version 0.23.2-1-ga50397a (webtiles) character file.

Game seed: 10661424782554208812

18235 TrebMcFLY the Cleaver (level 12, -1/110 HPs)
             Began as a Deep Dwarf Fighter on May 15, 2019.
             Was a High Priest of Makhleb.
             Slain by an orc warrior
             ... wielding a +0 halberd
             ... led by an orc warlord
              (10 damage)
             ... on level 1 of the Orcish Mines on May 16, 2019.
             The game lasted 01:17:17 (13068 turns).

TrebMcFLY the Cleaver (Deep Dwarf Fighter)         Turns: 13068, Time: 01:17:18

Health: -1/110     AC: 23    Str: 27    XL:     12   Next: 25%
Magic:  16/16      EV:  5    Int:  9    God:    Makhleb [*****.]
Gold:   1201       SH: 24    Dex: 12    Spells: 12/15 levels left

rFire    . . .     SeeInvis .   a - +0 war axe
rCold    . . .     Gourm    .   S - +2 large shield
rNeg     . . .     Faith    .   y - +2 chain mail {rPois}
rPois    +         Spirit   .   l - +0 helmet
rElec    .         Reflect  +   J - +0 cloak
rCorr    .         Harm     .   (no gloves)
MR       +....                  I - +1 pair of boots
Stlth    ..........             N - +5 amulet of reflection
HPRegen  0.00/turn              j - +5 ring of protection
MPRegen  0.15/turn              k - +2 ring of strength

@: about to teleport, non-regenerating, drained
A: damage resistance, heal wounds, sense surroundings 2, no regeneration
a: Heal Wounds, Minor Destruction, Lesser Servant of Makhleb, Major Destruction,
Greater Servant of Makhleb, Renounce Religion


You were on level 1 of the Orcish Mines.
You worshipped Makhleb.
Makhleb was extremely pleased with you.
You were hungry.

You visited 4 branches of the dungeon, and saw 16 of its levels.

You collected 1268 gold pieces.
You spent 67 gold pieces at shops.

Inventory:

Hand Weapons
 a - a +0 war axe (weapon)
 P - a +2 short sword of flaming
Armour
 l - a +0 helmet (worn)
 y - a +2 chain mail of poison resistance (worn)
 I - a +1 pair of boots (worn)
 J - a +0 cloak (worn)
 M - a +3 ring mail of cold resistance
 S - a +2 large shield (worn)
Magical Staves
 D - an uncursed staff of power {unknown}
 O - an uncursed staff of wizardry {unknown}
Jewellery
 b - a +4 amulet of reflection
 j - a +5 ring of protection (left hand)
 k - a +2 ring of strength (right hand)
 n - a +2 ring of protection
 v - an uncursed ring of ice
 N - a +5 amulet of reflection (around neck)
Wands
 w - a wand of disintegration (25)
 L - a wand of flame (35)
 Q - a wand of polymorph (4)
 R - a wand of enslavement (9)
 T - a wand of paralysis (6)
 U - a wand of random effects (29)
Scrolls
 h - 5 scrolls of fog
 i - 6 scrolls of remove curse
 m - 8 scrolls of identify
 p - 5 scrolls of teleportation
 s - 2 scrolls of amnesia
 t - 6 scrolls of fear
 u - 3 scrolls of immolation
 x - 3 scrolls of magic mapping
 G - 2 scrolls of blinking
Potions
 c - 2 potions of magic
 d - 4 potions of might
 e - 4 potions of brilliance
 g - 2 potions of curing
 o - a potion of berserk rage {unknown}
 q - 3 potions of invisibility
 r - 2 potions of degeneration
 z - 2 potions of heal wounds
 B - a potion of lignification {unknown}
 C - a potion of haste {unknown}
 E - a potion of resistance {unknown}
 F - 2 potions of mutation
 H - a potion of cancellation
 K - 3 potions of ambrosia
Comestibles
 f - 25 rations
 A - 5 chunks of flesh


   Skills:
 + Level 7.8(6.6) Fighting
 * Level 12.2(10.9) Axes
 + Level 9.6(8.3) Armour
 + Level 0.7(0.0) Dodging
 + Level 9.3(8.1) Shields
 - Level 2.1(1.1) Spellcasting
 - Level 2.8(1.8) Necromancy
 + Level 9.4(8.2) Invocations
 + Level 6.9(5.7) Evocations


You had 12 spell levels left.
You knew the following spells:

 Your Spells              Type           Power        Failure   Level  Hunger
a - Vampiric Draining     Necr           #.........   100%        3    ####...

Your spell library contained the following spells:

 Spells                   Type           Power        Failure   Level  Hunger
 Animate Skeleton         Necr           N/A          100%        1    ##.....
 Flame Tongue             Conj/Fire      #....        100%        1    ##.....
 Freeze                   Ice            #...         100%        1    ##.....
 Magic Dart               Conj           #...         100%        1    ##.....
 Pain                     Necr           #...         100%        1    ##.....
 Sting                    Conj/Pois      #...         100%        1    ##.....
 Blink                    Tloc           N/A          100%        2    ###....
 Call Imp                 Summ           #.......     100%        2    ###....
 Poisonous Vapours        Pois/Air       #.....       100%        2    ###....
 Slow                     Hex            #.......     100%        2    ###....
 Throw Flame              Conj/Fire      #.....       100%        2    ###....
 Throw Frost              Conj/Ice       #.....       100%        2    ###....
 Conjure Flame            Conj/Fire      #.......     100%        3    ####...
 Inner Flame              Hex/Fire       #.......     100%        3    ####...
 Mephitic Cloud           Conj/Pois/Air  #.......     100%        3    ####...
 Ozocubu's Armour         Chrm/Ice       #.......     100%        3    ####...
 Animate Dead             Necr           N/A          100%        4    #####..
 Olgreb's Toxic Radiance  Pois           #.......     100%        4    #####..
 Sticky Flame             Conj/Fire      #.......     100%        4    #####..
 Summon Ice Beast         Ice/Summ       #.......     100%        4    #####..
 Throw Icicle             Conj/Ice       #.......     100%        4    #####..
 Fireball                 Conj/Fire      #.........   100%        5    ######.
 Venom Bolt               Conj/Pois      #.........   100%        5    ######.
 Regeneration             Chrm/Necr      Unusable     N/A         3    N/A

Dungeon Overview and Level Annotations

Branches:
Dungeon (10/15)            Temple (1/1) D:4            Lair (4/6) D:8
  Swamp (0/4) Lair:3        Snake (0/4) Lair:3          Orc (1/2) D:9

Altars:
Ashenzari
Cheibriados
Dithmenos
Elyvilon
Fedhas
Gozag
Hepliaklqana
Kikubaaqudgha
Makhleb
Nemelex Xobeh
Qazlal
Ru
Sif Muna
Trog
Uskayaw
Vehumet
Wu Jian
Xom
Yredelemnul
Zin
The Shining One
Beogh

Shops:
D:5 *   D:9 ?

Annotations:
D:4 Edmund
D:9 3 runed translucent doors, totalnoob's ghost, novice SpEn


Innate Abilities, Weirdness & Mutations

You are resistant to damage.
You can heal yourself by infusing magical energy.
You passively map the area around you.
You do not regenerate.


Message History

You feel strangely unstable. You block the orc wizard's attack.
The warg bites you but does no damage. You block the orc wizard's attack.
The orc warlord hits you with a +3 long sword of holy wrath.
* * * LOW HITPOINT WARNING * * *
You block the orc warrior's attack.
Your chain mail prevents you from hitting the orc wizard.
The orc wizard is heavily wounded.
You hit the warg. The orc warlord blocks your attack.
The orc wizard no longer looks unusually strong.
The warg closely misses you. You block the orc wizard's attack.
You block the orc warrior's attack. You block the orc warlord's attack.
The orc warrior hits you from afar with a +0 trident of protection!
* * * LOW HITPOINT WARNING * * *
You block the orc wizard's attack. The warg bites you but does no damage.
You closely miss the orc wizard.
The orc wizard is heavily wounded.
You closely miss the warg.
You hit the orc warlord but do no damage.
The orc warrior hits you from afar with a +0 halberd!
You die...

..## ,, ...## ....# ,
....### , , * * ....#.#
### ,, * .....### ##.## #
, , ..#.#..### #...# .# ,
..###..#.# ###.)## #.O.
** .##.#....###...o@#
..o.o* *
.#....#........ho#o.o..oo
,
.....###.......oOo.....o
,*
#.....###.....#.o...#.#.
, * ....### #....###...##
* , *
#.....#.......##..... ,**
* ......##..#.........$#
..........##.....#..... *
..###....####....###....
*


You could see an orc warlord, a warg, 2 orc warriors, an ogre, an orc wizard and
an orc.

Vanquished Creatures
  A hydra (Lair:2)
  Nergalle (Lair:3)
  An orc sorcerer (Orc:1)
  A black mamba (Lair:3)
  5 spiny frogs
  5 komodo dragons
  A tyrant leech (Lair:3)
  A troll (D:9)
  5 hippogriffs
  A wyvern (D:8)
  19 yaks
  A basilisk (Lair:2)
  A hungry ghost (D:8)
  A swamp worm (Lair:3)
  A warg (Orc:1)
  4 nagas (Lair:3)
  2 water moccasins
  7 porcupines
  12 orc warriors
  A phantom (D:5)
  A black bear (D:7)
  5 sky beasts
  An ice beast (D:9)
  9 ogres
  4 centaurs
  A necrophage (D:5)
  8 crocodiles
  A big kobold (D:8)
  13 bullfrogs
  A wyvern skeleton (D:9)
  3 scorpions
  13 killer bees
  5 wights (D:9)
  2 howler monkeys
  5 crimson imps
  3 bullfrog zombies (D:8)
  3 orc priests (D:10)
  4 centaur zombies
  Crazy Yiuf (D:7)
  A centaur skeleton (D:8)
  A bullfrog skeleton (D:6)
  5 hounds
  An iguana (D:6)
  A jelly (D:3)
  7 orc wizards
  9 worker ants
  2 worker ant zombies
  Robin (D:2)
  8 gnolls
  15 adders
  8 oozes (D:3)
  2 adder zombies
  3 worms
  6 dart slugs
  6 leopard geckos
  62 orcs
  A ball python (D:7)
  4 giant cockroaches
  13 hobgoblins
  17 jackals
  19 kobolds
  3 quokkas
  A ball python skeleton (D:5)
  9 bats
  2 frilled lizards
  15 goblins
  A quokka zombie (D:6)
  8 rats
  2 fungi
  4 plants
391 creatures vanquished.

Vanquished Creatures (collateral kills)
  A spiny frog (Lair:2)
  A crocodile (Lair:2)
  A bullfrog (Lair:2)
3 creatures vanquished.

Vanquished Creatures (others)
  An orc wizard (D:9)
  2 bushes (Lair:2)
  13 fungi
  25 plants (Lair:4)
  8 toadstools (D:3)
49 creatures vanquished.

Grand Total: 443 creatures vanquished

Notes
Turn   | Place    | Note
-------+----------+-------------------------------------------
     0 | D:1      | TrebMcFLY the Deep Dwarf Fighter began the quest for the
                  | Orb.
     0 | D:1      | Reached XP level 1. HP: 20/20 MP: 1/1
    91 | D:1      | Reached XP level 2. HP: 21/27 MP: 2/2
   565 | D:1      | Reached XP level 3. HP: 25/33 MP: 3/3
   664 | D:1      | Reached skill level 3 in Axes
   758 | D:2      | Noticed Robin
   838 | D:2      | Noticed an air elemental
   844 | D:2      | Noticed an earth elemental
   846 | D:2      | Found a stormy altar of Qazlal.
   940 | D:2      | Killed Robin
   941 | D:2      | Reached XP level 4. HP: 13/42 MP: 4/4
  1047 | D:2      | Noticed a water elemental
  1110 | D:2      | Noticed a fire elemental
  1564 | D:3      | Reached XP level 5. HP: 34/49 MP: 4/4
  1575 | D:3      | Reached skill level 4 in Axes
  1606 | D:3      | Found a sacrificial altar of Ru.
  2364 | D:4      | Reached XP level 6. HP: 39/56 MP: 5/5
  2771 | D:4      | Noticed Edmund
  3014 | D:4      | Reached skill level 5 in Axes
  3169 | D:4      | Found a staircase to the Ecumenical Temple.
  3178 | Temple   | Entered the Ecumenical Temple
  3616 | D:5      | Entered Level 5 of the Dungeon
  3620 | D:5      | Found a burning altar of Makhleb.
  3628 | D:5      | Became a worshipper of Makhleb the Destroyer
  3662 | D:5      | Reached skill level 5 in Armour
  3662 | D:5      | Reached XP level 7. HP: 40/63 MP: 6/6
  3740 | D:5      | Reached skill level 5 in Shields
  4180 | D:5      | Reached skill level 1 in Invocations
  4233 | D:5      | Reached skill level 6 in Axes
  4362 | D:5      | Reached XP level 8. HP: 41/73 MP: 8/8
  4601 | D:5      | Found Xeareroc's General Store.
  4604 | D:5      | Bought a scroll of identify for 28 gold pieces
  4938 | D:6      | Reached skill level 7 in Axes
  5012 | D:6      | Reached * piety under Makhleb
  5225 | D:6      | Reached skill level 5 in Fighting
  5520 | D:6      | Reached skill level 8 in Axes
  5520 | D:6      | Gained mutation: You passively map the area around you.
                  | [Deep Dwarf growth]
  5520 | D:6      | Reached XP level 9. HP: 34/81 MP: 10/10
  5911 | D:7      | Found a burning altar of Makhleb.
  5912 | D:7      | Found a shimmering altar of Xom.
  6160 | D:7      | Reached skill level 1 in Evocations
  6227 | D:7      | Reached skill level 5 in Invocations
  6302 | D:7      | Found a runed translucent door.
  6303 | D:7      | Noticed Crazy Yiuf
  6452 | D:7      | Killed Crazy Yiuf
  6505 | D:8      | Found a shadowy altar of Dithmenos.
  6845 | D:8      | Reached skill level 9 in Axes
  6915 | D:8      | Reached ** piety under Makhleb
  7235 | D:8      | Found a staircase to the Lair.
  7404 | D:8      | Reached XP level 10. HP: 77/91 MP: 11/11
  7677 | D:9      | Noticed a two-headed ogre
  7846 | D:9      | Reached *** piety under Makhleb
  7950 | D:9      | Reached skill level 10 in Axes
  7975 | D:9      | Found a shimmering altar of Xom.
  8115 | D:9      | Found Nolucuw's Magic Scroll Shoppe.
  8123 | D:9      | Bought a scroll of teleportation for 39 gold pieces
  8198 | D:9      | Found a staircase to the Orcish Mines.
  8322 | D:9      | Reached skill level 5 in Evocations
  8618 | D:9      | Found a runed translucent gate.
  8618 | D:9      | Found a runed translucent gate.
  8620 | D:9      | Found a runed translucent gate.
  8628 | D:9      | Noticed totalnoob's ghost (novice SpEn)
  8629 | D:9      | Identified the +6 scimitar "Pampir" {slice, rPois rF+
                  | Str-5}
  8775 | D:9      | Learned a level 3 spell: Vampiric Draining
  8930 | D:9      | Found a roughly hewn altar of Beogh.
  8931 | D:9      | Found the +0 Maxwell's etheric cage {RegenMP+ *Contam rElec
                  | MP+4}
  9015 | D:10     | Entered Level 10 of the Dungeon
  9059 | D:10     | Reached **** piety under Makhleb
  9169 | D:10     | Noticed a two-headed ogre
  9298 | D:10     | Reached skill level 1 in Necromancy
  9414 | D:10     | Reached XP level 11. HP: 99/99 MP: 13/13
  9503 | D:10     | Found a roughly hewn altar of Beogh.
  9506 | D:10     | Reached ***** piety under Makhleb
  9552 | D:10     | Noticed a seven-headed hydra
  9653 | Lair:1   | Entered Level 1 of the Lair of Beasts
  9663 | Lair:1   | Reached skill level 1 in Spellcasting
  9894 | Lair:1   | Reached skill level 11 in Axes
 10883 | Lair:2   | Noticed an eight-headed hydra
 10914 | Lair:2   | Killed an eight-headed hydra
 11506 | Lair:3   | Found a staircase to the Swamp.
 12153 | Lair:3   | Reached XP level 12. HP: 55/109 MP: 15/15
 12242 | Lair:3   | Reached skill level 12 in Axes
 12250 | Lair:3   | Found a staircase to the Snake Pit.
 12451 | Lair:3   | Noticed Nergalle
 12472 | Lair:3   | Killed Nergalle
 12603 | Lair:4   | Noticed an eight-headed hydra
 12949 | Orc:1    | Entered Level 1 of the Orcish Mines
 13035 | Orc:1    | Noticed an orc warlord
 13064 | Orc:1    | HP: 4/110 [orc warrior/+0 halberd[an orc warlord] (16)]
 13068 | Orc:1    | Slain by an orc warrior

Skill      XL: |  1  2  3  4  5  6  7  8  9 10 11 12 |
---------------+-------------------------------------+-----
Fighting       | 3 4 5 6 7 |  7.8
Axes           | 3 4 5 6 8 9 10 11 12 | 12.2
Shields        | 4 5 6 7 8 9 |  9.3
Armour         | 4 5 6 7 8 9 |  9.6
Invocations    | 2 4 6 7 9 |  9.4
Evocations     | 3 5 6 |  6.9
Necromancy     | 1 2 |  2.8
Spellcasting   | 2 |  2.1
Dodging        | |  0.7

Action                   |  1- 3 |  4- 6 |  7- 9 | 10-12 || total
-------------------------+-------+-------+-------+-------++-------
Melee: War axe           |   135 |   253 |   491 |   940 ||  1819
Invok: Minor Destruction |       |       |       |     4 ||     4
       Lesser Servant of |       |       |       |     2 ||     2
 Abil: Heal Wounds       |       |     3 |     6 |     2 ||    11
  Use: Scroll            |       |       |     2 |    17 ||    19
  Eat: Chunk             |       |     9 |    16 |    20 ||    45
Armor: Scale mail        |    67 |   157 |    62 |       ||   286
       Chain mail        |       |       |   171 |   467 ||   638
Dodge: Dodged            |    31 |    75 |   102 |   176 ||   384
Block: Shield            |    72 |   128 |   222 |   280 ||   702
       Large shield      |       |       |       |   595 ||   595
       Reflection        |       |       |       |     4 ||     4
